 Dungeon Crawl Stone Soup version 0.21.1-1-g345015f (webtiles) character file.

85 Fang the Skirmisher (level 4, -3/29 HPs)
             Began as a Gargoyle Berserker on June 4, 2018.
             Was a Believer of Trog.
             Shot with an arrow by a centaur (4 damage)
             ... on level 3 of the Dungeon.
             The game lasted 00:02:27 (2250 turns).

Fang the Skirmisher (Gargoyle Berserker)            Turns: 2250, Time: 00:02:28

Health: -3/29      AC:  5    Str: 21    XL:     4   Next: 48%
Magic:  4/4        EV: 12    Int:  8    God:    Trog [**....]
Gold:   110        SH:  0    Dex:  9    Spells: 3/3 levels left

rFire    . . .     SeeInvis .   a - +0 hand axe
rCold    . . .     Gourm    .   (no shield)
rNeg     + . .     Faith    .   b - +0 animal skin
rPois    ∞         Spirit   .   (no helmet)
rElec    +         Reflect  .   (no cloak)
rCorr    .         Harm     .   (no gloves)
MR       .....                  (no boots)
Stlth    +.........             (no amulet)
HPRegen  0.09/turn              (no ring)
MPRegen  0.09/turn              (no ring)

@: no status effects
A: negative energy resistance 1, electricity resistance, unbreathing,
petrification resistance, rot immunity, AC +3
a: Berserk, Trog's Hand, Burn Spellbooks, Renounce Religion


You were on level 3 of the Dungeon.
You worshipped Trog.
Trog was pleased with you.
You were near starving.

You visited 1 branch of the dungeon, and saw 3 of its levels.

You collected 110 gold pieces.

Inventory:

Hand Weapons
 a - a +0 hand axe (weapon)
Armour
 b - a +0 animal skin (worn)
Scrolls
 e - a scroll of fear {unknown}
 f - a scroll of enchant weapon {unknown}
 g - a scroll of teleportation {unknown}
 h - a scroll of blinking {unknown}
 j - 3 scrolls of enchant armour {unknown}
Potions
 d - 3 potions of lignification {unknown}
 i - 2 potions of cancellation {unknown}
 k - a potion of curing {unknown}
 l - a potion of degeneration {unknown}
Comestibles
 c - 3 rations


   Skills:
 + Level 3.9 Fighting
 + Level 3.4 Axes
 + Level 2.4 Armour
 + Level 2.5 Dodging
 + Level 0.6 Stealth


You had 3 spell levels left.
You didn't know any spells.

Dungeon Overview and Level Annotations

Branches:
Dungeon (3/15)

Altars:


Innate Abilities, Weirdness & Mutations

You are resistant to torment.
Your stone body is resilient. (AC +3)
You are immune to poison.
You resist negative energy. (rN+)
You are resistant to electric shocks. (rElec)
You can survive without breathing.
You are immune to petrification.
You are immune to rotting.


Message History

You start resting.
You are feeling very hungry.
You start resting.
You are near starving!
You climb downwards.
A ball python comes into view.
The centaur shoots an arrow.
The arrow hits you. The arrow freezes you.
The goblin shoots a stone.
The stone misses you.
The centaur shoots an arrow.
The arrow hits you but does no damage.
There is a stone staircase leading up here.
Things that are here:
2 stones; an arrow The centaur shoots an arrow.
The arrow hits you!
* * * LOW HITPOINT WARNING * * *
The arrow freezes you.
* * * LOW HITPOINT WARNING * * *
The goblin shoots a stone.
The stone closely misses you.
Unknown command.
The centaur shoots an arrow.
The arrow hits you.
You die...

## #. . .. #.#.
# #.#.##
#.#..... ......#
# #.###...# .# #
.......@##.#.##.
#.###..#(.......
.......(..#.##.
#.#.............
..........S....
...........#.##.
..c............
.?..#.g....#.#..
...............


You could see a centaur, a goblin and a ball python.

Vanquished Creatures
  An adder (D:2)
  An ooze (D:1)
  3 worms (D:2)
  2 dart slugs (D:1)
  3 leopard geckos (D:1)
  2 ball pythons
  5 goblins
  4 hobgoblins
  11 jackals
  9 bats
  4 frilled lizards
  4 kobolds
  3 rats (D:2)
52 creatures vanquished.

Notes
Turn   | Place    | Note
-------+----------+-------------------------------------------
     0 | D:1      | Fang the Gargoyle Berserker began the quest for the Orb.
     0 | D:1      | Reached XP level 1. HP: 14/14 MP: 1/1
   585 | D:1      | Reached XP level 2. HP: 19/19 MP: 2/2
   980 | D:1      | Reached XP level 3. HP: 24/24 MP: 3/3
  1065 | D:1      | Reached ** piety under Trog
  1450 | D:2      | Reached XP level 4. HP: 21/29 MP: 4/4
  1677 | D:2      | Found a faded altar of an unknown god.
  1967 | D:3      | Noticed a centaur
  2249 | D:3      | HP: 1/29 [centaur/arrow (5)]
  2250 | D:3      | Shot with an arrow by a centaur

Skill      XL: |  1  2  3 |
---------------+----------+-----
Axes           | 3 |  3.4
Dodging        | 2 |  2.5
Fighting       | |  3.9
Armour         | |  2.4
Stealth        | |  0.6

Action                   |  1- 3 |  4- 6 || total
-------------------------+-------+-------++-------
Melee: Hand axe          |   119 |    62 ||   181
Invok: Berserk           |     1 |       ||     1
 Stab: Sleeping          |     1 |       ||     1
  Eat: Chunk             |     3 |     1 ||     4
Armor: Animal skin       |    52 |    43 ||    95
Dodge: Dodged            |   103 |    80 ||   183
